AoeStats
← Links5165

Black Forest

508439353Analyzed
4v4 RM · 9d ago on Sep 22, 2026· 45m 51s· 8 players
Game mode
Random Map
Map size
Large (8 player)
Population
200
Speed
Normal
Resources
Standard
Victory
Conquest
Starting age
Dark Age
Ending age
Imperial Age
RankedLock teamsTeams togetherTeam positionsShared explorationLock speedFull tech treeHidden civsTurbo modeCheats
Victory
Defeat
🇪🇸 Burmese · Spain
989
+13
🇸🇪 Celts · Sweden
986
+13
🇪🇸 Cumans · Spain
898
+17
🇭🇰 Tatars · Hong Kong SAR China
895
+17
🇮🇳 Khmer · India
988
-17
🇧🇷 Mongols · Brazil
974
-17
🇨🇳 Persians · China
894
-14
🇦🇷 Goths · Argentina
849
-12
Daboss
2:32 Loom
11:52 Feudal Age
12:22 Double-Bit Axe
17:28 Castle Age
15:35 Horse Collar
16:27 Stone Mining
16:30 Gold Mining
18:28 Bow Saw
25:29 Wheelbarrow
26:47 Heavy Plow
27:45 Scale Mail Armor
27:55 Forging
28:34 Hand Cart
29:29 Treadmill Crane
29:45 Murder Holes
29:54 Fletching
33:07 Imperial Age
30:41 Pikeman
31:48 Ballistics
31:42 Bodkin Arrow
32:23 Iron Casting
32:03 Chain Mail Armor
33:42 Caravan
33:57 Masonry
34:26 Gold Shaft Mining
34:31 Stone Shaft Mining
33:25 Onager
35:57 Blast Furnace
36:20 Siege Onager
37:26 Conscription
37:24 Elite Woad Raider
41:42 Chemistry
40:48 Siege Engineers
41:15 Plate Mail Armor
42:02 Crossbowman
42:55 Padded Archer Armor
44:14 Stronghold
44:45 Furor Celtica
45:10 Hoardings
cherripunji
0:27 Loom
11:28 Feudal Age
16:21 Castle Age
14:26 Double-Bit Axe
15:22 Gold Mining
17:19 Horse Collar
20:36 Bow Saw
22:04 Fletching
30:44 Imperial Age
29:30 Bloodlines
29:20 Husbandry
29:50 Husbandry
30:02 Bodkin Arrow
31:17 Padded Archer Armor
31:23 Scale Barding Armor
31:29 Forging
31:59 Bracer
31:38 Light Cavalry
32:29 Town Watch
32:52 Heavy Camel Rider
34:14 Chain Barding Armor
34:12 Leather Archer Armor
36:36 Conscription
37:14 Timurid Siegecraft
37:57 Silk Armor
41:06 Caravan
43:43 Plate Barding Armor
43:43 Iron Casting
43:39 Ring Archer Armor
munichbeerbar
0:36 Loom
11:25 Feudal Age
11:47 Horse Collar
19:26 Castle Age
19:54 Wheelbarrow
20:17 Heavy Plow
23:42 Hand Cart
32:17 Imperial Age
29:43 Town Watch
30:12 Gold Mining
30:12 Stone Mining
29:57 Pikeman
30:38 Squires
31:09 Scale Mail Armor
31:20 Forging
31:03 Fletching
31:55 Gold Shaft Mining
31:01 Treadmill Crane
31:18 Murder Holes
31:25 Gambesons
31:26 Arson
32:11 Man-at-Arms
33:11 Chain Mail Armor
33:32 Iron Casting
33:52 Crop Rotation
33:08 Halberdier
34:57 Plate Mail Armor
35:02 Iron Casting
37:33 Conscription
38:30 Blast Furnace
37:26 Bodkin Arrow
39:09 Long Swordsman
40:13 Bracer
40:17 Two-Handed Swordsman
41:24 Champion
45:22 Scale Barding Armor
46:33 Masonry
46:44 Ballistics
47:25 Chemistry
patatitoRTILLA
11:34 Feudal Age
19:34 Double-Bit Axe
22:24 Wheelbarrow
21:44 Loom
21:46 Town Watch
27:08 Castle Age
26:08 Horse Collar
32:46 Imperial Age
30:34 Hand Cart
32:03 Bow Saw
33:02 Heavy Plow
32:59 Elite Skirmisher
34:33 Fletching
34:43 Padded Archer Armor
34:57 Forging
35:12 Thumb Ring
34:29 Crossbowman
39:37 Iron Casting
38:57 Bodkin Arrow
39:18 Leather Archer Armor
38:56 Pikeman
39:37 Squires
42:07 Squires
41:28 Halberdier
44:32 Blast Furnace
43:32 Scale Mail Armor
44:03 Ring Archer Armor
44:59 Caravan
宇将军
5:53 Loom
11:03 Feudal Age
16:32 Castle Age
16:09 Double-Bit Axe
16:39 Horse Collar
18:56 Bow Saw
24:06 Wheelbarrow
27:12 Heavy Plow
30:10 Imperial Age
28:11 Heavy Plow
28:07 Fletching
28:42 Gold Mining
29:40 Hand Cart
29:47 Padded Archer Armor
29:49 Bodkin Arrow
30:35 Stone Mining
31:02 Leather Archer Armor
31:51 Conscription
32:00 Ballistics
32:47 Bracer
32:53 Scale Barding Armor
33:25 Gold Shaft Mining
34:55 Chemistry
33:34 Capped Ram
35:31 Stone Shaft Mining
35:18 Chain Barding Armor
35:23 Drill
36:16 Siege Ram
39:05 Onager
40:24 Light Cavalry
41:55 Bloodlines
41:45 Husbandry
42:14 Hussar
ssss
11:48 Feudal Age
11:46 Loom
14:57 Double-Bit Axe
17:32 Castle Age
16:18 Horse Collar
19:03 Bow Saw
18:56 Heavy Plow
27:23 Imperial Age
25:58 Wheelbarrow
26:17 Scale Barding Armor
28:11 Light Cavalry
29:02 Bloodlines
28:53 Husbandry
29:16 Chain Barding Armor
29:07 Forging
29:20 Hand Cart
29:57 Crop Rotation
30:25 Hussar
33:44 Conscription
34:37 Plate Barding Armor
34:39 Iron Casting
37:13 Ballistics
40:27 Elite Skirmisher
41:13 Padded Archer Armor
41:04 Fletching
Links5165
0:52 Loom
11:11 Feudal Age
15:00 Castle Age
13:54 Double-Bit Axe
14:05 Gold Mining
14:06 Horse Collar
16:04 Wheelbarrow
17:48 Bow Saw
24:05 Heavy Plow
25:30 Stone Mining
26:53 Hand Cart
30:10 Imperial Age
28:31 Stone Shaft Mining
28:29 Scale Mail Armor
28:40 Forging
30:06 Chain Mail Armor
30:52 Iron Casting
31:46 Perfusion
32:07 Anarchy
32:29 Conscription
32:27 Guilds
31:42 Elite Huskarl
33:29 Blast Furnace
33:37 Two-Man Saw
32:31 Onager
33:29 Murder Holes
34:35 Squires
34:27 Fletching
35:31 Crop Rotation
37:43 Chemistry
39:12 Pikeman
39:51 Halberdier
40:39 Bodkin Arrow
41:46 Man-at-Arms
42:46 Heavy Scorpion
44:46 Long Swordsman
45:07 Two-Handed Swordsman
1627684093
0:37 Loom
13:41 Feudal Age
14:15 Double-Bit Axe
14:12 Horse Collar
22:52 Castle Age
23:54 Bow Saw
23:47 Heavy Plow
24:38 Wheelbarrow
28:47 Wheelbarrow
27:58 Town Watch
31:50 Hand Cart
31:35 Town Patrol
34:59 Imperial Age
32:36 Gold Mining
32:36 Stone Mining
34:14 Forging
34:09 Scale Barding Armor
35:12 Scale Barding Armor
35:42 Iron Casting
37:21 Chain Barding Armor
38:46 Blast Furnace
Connection lost

Rejoining the realm…

Still unreachable

The connection could not be restored.

Session expired

The server has moved on; the page needs a fresh start.